 Dungeon Crawl Stone Soup version 0.32-a0-119-g2e8054a333 (webtiles) character file.

Game seed: 9754868946218096728

17707 Esekla the Covert (level 12, -6/82 HPs)
             Began as an Octopode Delver on Feb 6, 2024.
             Was an Initiate of Gozag.
             Mangled by a death yak (13 damage)
             ... on level 1 of the Lair of Beasts.
             The game lasted 01:53:27 (16607 turns).

Esekla the Covert (Octopode Delver)                Turns: 16607, Time: 01:53:28

Health: -6/82      AC:  9    Str: 18    XL:     12   Next: 50%
Magic:  9/30       EV: 15    Int: 23    God:    Gozag
Gold:   396        SH:  0    Dex: 16    Spells: 4/28 levels left

rFire   + . .        c - +6 Majin-Bo {spellvamp, MP+6 Int+6}
rCold   + . .        (no shield)
rNeg    . . .        l - +1 hat
rPois   +            P - amulet of the acrobat
rElec   .            F - +6 ring of strength
rCorr   .            G - ring of see invisible
SInv    +            T - ring of Iguomar {rPois rF+ rC+ Dex+3}
Will    .....        (no ring)
Stlth   ++++++       (no ring)
HPRegen 0.33/turn    (no ring)
MPRegen 0.22/turn    (no ring)
                     (no ring)

%: acrobat
@: ice-armoured, gold aura, very slightly contaminated
A: almost no armour, amphibious, 8 rings, camouflage 1, gelatinous body 1,
(nimble swimmer 1), tentacles
a: Renounce Religion, Potion Petition, Call Merchant, Bribe Branch


You were on level 1 of the Lair of Beasts.
You worshipped Gozag.
Gozag was aware of your devotion.
You visited 3 branches of the dungeon, and saw 12 of its levels.

You collected 3480 gold pieces.
You spent 3071 gold pieces at shops.
You paid 13 gold pieces to Gozag.

Inventory:

Hand Weapons
 a - a +0 falchion
 c - the +6 Majin-Bo (weapon) {spellvamp, MP+6 Int+6}
   (You bought it in a shop on level 6 of the Dungeon)

   Int+6:     It affects your intelligence (+6).
   MP+6:      It affects your magic capacity (+6).
 r - a +2 trident of draining
 s - a +1 dagger of protection
 w - a +1 dagger of holy wrath
Missiles
 p - 7 curare-tipped darts
 B - 7 boomerangs
 E - 43 poisoned darts (quivered)
 H - 3 javelins
Armour
 l - a +1 hat (worn)
Magical Staves
 d - a staff of death
Jewellery
 g - a ring of ice
 v - a ring of ice
 F - a +6 ring of strength (left tentacle)
 G - a ring of see invisible (right tentacle)
 P - an amulet of the acrobat (around mantle)
 T - the ring of Iguomar (on tentacle) {rPois rF+ rC+ Dex+3}
   (You found it on level 1 of the Lair of Beasts)

   [ring of protection from fire]

   Dex+3:     It affects your dexterity (+3).
   rF+:       It protects you from fire.
   rC+:       It protects you from cold.
   rPois:     It protects you from poison
Wands
 f - a wand of digging (5)
 z - a wand of paralysis (20)
 L - a wand of flame (30)
 Q - a wand of iceblast (13)
 R - a wand of mindburst (19)
Scrolls
 b - 2 scrolls of fog
 h - 3 scrolls of identify
 m - a scroll of teleportation
 o - 3 scrolls of poison
 q - 2 scrolls of blinking
 x - a scroll of butterflies {unknown}
 y - a scroll of enchant weapon {unknown}
 C - a scroll of acquirement {unknown}
 D - 10 scrolls of revelation
 I - a scroll of enchant armour {unknown}
 M - 4 scrolls of fear
 O - a scroll of amnesia {unknown}
 S - a scroll of brand weapon {unknown}
Potions
 e - 2 potions of haste
 i - a potion of curing
 j - 4 potions of mutation
 k - 2 potions of cancellation
 n - 2 potions of magic
 t - a potion of lignification
 u - a potion of might
 A - a potion of brilliance
 J - 2 potions of enlightenment
 K - a potion of attraction
 N - a potion of resistance
 U - 3 potions of invisibility {unknown}


   Skills:
 * Level 7.8 Fighting
 + Level 4.8(5.4) Short Blades
 + Level 3.8(5.0) Long Blades
 * Level 2.3 Staves
 + Level 2.4 Throwing
 + Level 4.2 Dodging
 + Level 11.9 Stealth
 * Level 8.7 Spellcasting
 + Level 5.4 Conjurations
 + Level 3.3 Translocations
 * Level 4.3 Fire Magic
 + Level 5.7 Ice Magic
 * Level 5.8 Air Magic
 + Level 4.7 Alchemy


You had 4 spell levels left.
You knew the following spells:

 Your Spells              Type           Power      Damage    Failure   Level
a - Ozocubu's Armour      Ice            36%        N/A       1%          3
b - Blink                 Tloc           50%        N/A       2%          2
c - Mephitic Cloud        Conj/Alch/Air  34%        N/A       2%          3
k - Airstrike             Air            18%        2d(3-19)  6%          4
n - Ignite Poison         Fire/Alch      30%        N/A       10%         4
p - Apportation           Tloc           50%        N/A       1%          1
v - Mercury Vapours       Alch/Air       68%        N/A       1%          2
z - Freezing Cloud        Conj/Ice/Air   18%        6-21      17%         5

Your spell library contained the following spells:

 Spells                   Type           Power      Damage    Failure   Level
 Sting                    Conj/Alch      100%       1d9       1%          1
 Momentum Strike          Conj/Tloc      60%        3d9       1%          2
 Static Discharge         Conj/Air       72%        3-6/arc   1%          2
 Cigotuvi's Dreadful Rot  Necr/Alch/Air  52%        N/A       2%          2
 Lesser Beckoning         Tloc           50%        N/A       2%          2
 Necrotise                Necr           40%        1d6       6%          1
 Summon Small Mammal      Summ           40%        N/A       6%          1
 Call Canine Familiar     Summ           10%        N/A       19%         3
 Sigil of Binding         Hex            10%        N/A       19%         3
 Summon Lightning Spire   Summ/Air       23%        N/A       19%         4
 Summon Blazeheart Golem  Fire/Summ      19%        N/A       26%         4
 Dimensional Bullseye     Hex/Tloc       8%         N/A       32%         4
 Metabolic Englaciation   Hex/Ice        11%        N/A       50%         5
 Sculpt Simulacrum        Ice/Alch       17%        N/A       75%         6
 Orb of Destruction       Conj           17%        9d7       99%         7
 Spellforged Servitor     Conj/Summ      11%        N/A       100%        7


Dungeon Overview and Level Annotations

Branches:
Dungeon (10/15)            Temple (0/1) D:5            Lair (1/5) D:10
    Orc (1/2) D:10

Altars:
Ashenzari
Elyvilon
Gozag
Kikubaaqudgha
Ru
Vehumet
Yredelemnul

Shops:
D:3 **:   D:5 !![*?=   D:6 (   Orc:1 ?

Annotations:
D:7 2 headed ogre
D:8 3 runed translucent doors, gosagan's ghost, novice TrFi


Innate Abilities, Weirdness & Mutations

You cannot wear most types of armour.
You are amphibious.
You can wear up to eight rings at the same time.
Your skin changes colour to match your surroundings (Stealth+).
Your rubbery body absorbs attacks. (AC +1, EV +1)
((You are camouflaged when in or above water. (Stealth+)))
You have tentacles for arms and can constrict up to eight enemies at once.


Message History

The death yak gores you!
The death yak is engulfed in freezing vapours. x2
Casting: Ozocubu's Armour (safe; 1% risk of failure)
Confirm with . or Enter, or press ? or * to list all spells.
Aiming: Mercury Vapours (safe; 1% risk of failure)
Press: ? - help, Dir - move target, f - death yak, p - death yak
Aim: a death yak (freezing vapour, severely wounded, chance to weaken: 0%) Fumes of mercury billow around the death yak!
The death yak is poisoned.
The death yak is engulfed in freezing vapours.
The death yak gores you!
The death yak is engulfed in freezing vapours. x2
Casting: Mercury Vapours (safe; 1% risk of failure)
Confirm with . or Enter, or press ? or * to list all spells.
Aiming: Mercury Vapours (safe; 1% risk of failure)
Press: ? - help, Dir - move target, f - death yak, p - death yak
Aim: a death yak (freezing vapour, heavily wounded, chance to weaken: 0%) Fumes of mercury billow around the death yak!
The death yak is poisoned.
The death yak gores you. The death yak closely misses you.
The death yak barely misses you.
The death yak is engulfed in freezing vapours.
Casting: Mercury Vapours (safe; 1% risk of failure)
Confirm with . or Enter, or press ? or * to list all spells.
You miscast Ignite Poison.
You are very lightly contaminated with residual magic.
Parts of your body briefly turn golden.
You are poisoned.
You feel very sick.
The death yak is engulfed in freezing vapours.
You kill the death yak!
The death yak gores you!!
* * * LOW HITPOINT WARNING * * *
The death yak is engulfed in freezing vapours.
The death yak misses you.
You feel better.
You kill the death yak!
The death yak gores you!
* * * LOW HITPOINT WARNING * * *
The death yak gores you!
You die...
Your body crumbles into a pile of gold.

###
##.....####(.....#
#.## # #......##
#.§...# ###
#.......# #.○#..#
#......## ...☼..#
#P...#..###§.°..
##<.##..P##○○#
##..#....§§#
#.###.Y§§.#
#.P##..@Y##
#.P######## ###
#### ##.##
#..###.###..#####
#..##
##...............
##..#
#....##..........
##.###
#..#####P##...##.
##..###.#.#
#####.###P
##......## ### ##
##....## ### #


You could see 2 death yaks.

Vanquished Creatures
  An ogre mage (D:7)
  2 boulder beetles (D:7)
  2 death yaks (Lair:1)
  A deep elf zephyrmancer (D:7)
  An orc knight (Orc:1)
  An ugly thing (D:7)
  2 orc sorcerers
  2 elephants (D:10)
  2 cane toads (Lair:1)
  2 kobold demonologists
  Jeremiah (D:7)
  2 komodo dragons (D:10)
  A troll (D:9)
  A hornet (D:9)
  3 blink frogs (Lair:1)
  Sigmund (D:3)
  3 wyverns
  3 wraiths
  2 basilisks (Lair:1)
  A vampire (D:10)
  13 yaks
  Eustachio (D:4)
  4 steam dragons
  A warg (Orc:1)
  6 water moccasins
  3 black bears
  7 orc warriors
  An ogre (D:6)
  4 centaurs
  5 kobold brigands
  5 bullfrogs
  A gnoll sergeant (D:7)
  4 scorpions
  11 wights
  8 killer bees
  4 howler monkeys
  A bombardier beetle (D:3)
  A hound (D:6)
  16 orc priests
  2 gnoll boudas
  2 jellies
  5 iguanas
  20 orc wizards
  6 gnolls
  15 adders
  A shadow imp (D:8)
  A dart slug (D:1)
  3 ribbon worms (D:2)
  59 orcs
  6 bats
  4 endoplasms (D:2)
  2 giant cockroaches
  5 hobgoblins
  6 jackals
  3 quokkas
  5 ball pythons
  3 frilled lizards
  A goblin (D:3)
  25 kobolds
  5 rats
309 creatures vanquished.

Vanquished Creatures (others)
  An orc (D:6)
1 creature vanquished.

Grand Total: 310 creatures vanquished

Notes
Turn   | Place    | Note
-------+----------+-------------------------------------------
     0 | D:5      | Esekla the Octopode Delver began the quest for the Orb.
     0 | D:5      | Reached XP level 1. HP: 16/16 MP: 1/1
    15 | D:5      | Found an opulent altar of Gozag.
    73 | D:5      | Found Neremox's Antique Armour Shoppe.
    74 | D:5      | Found Giybri Feqo's Jewellery Emporium.
   101 | D:5      | Became a worshipper of Gozag Ym Sagoz the Greedy
   128 | D:5      | Found Xoeloe's Distillery.
   128 | D:5      | Found Vetin's Magic Scroll Shoppe.
   141 | D:5      | Found Heepukh's General Store.
   141 | D:5      | Found Diekh's Distillery.
   165 | D:5      | Reached skill level 7 in Stealth
   165 | D:5      | Reached XP level 2. HP: 13/21 MP: 2/2
   303 | D:3      | Found an ancient bone altar of Kikubaaqudgha.
   400 | D:5      | Bought a potion of curing for 33 gold pieces
   406 | D:5      | Bought a scroll of identify for 26 gold pieces
   621 | D:4      | Reached XP level 3. HP: 26/26 MP: 3/3
   639 | D:4      | Reached skill level 1 in Spellcasting
   782 | D:4      | Noticed Eustachio
   814 | D:3      | Reached XP level 4. HP: 30/31 MP: 5/5
   853 | D:4      | Noticed a water moccasin
  1018 | D:3      | Noticed Sigmund
  1028 | D:3      | Found a broken altar of Ashenzari.
  1050 | D:3      | Found Luahuish's Book Boutique.
  1253 | D:1      | Found a faded altar of an unknown god.
  2136 | D:2      | Reached XP level 5. HP: 26/36 MP: 7/7
  2209 | D:2      | Reached skill level 8 in Stealth
  3049 | D:3      | Reached skill level 1 in Ice Magic
  3064 | D:3      | Killed Sigmund
  3065 | D:3      | Reached XP level 6. HP: 21/43 MP: 7/9
  3286 | D:3      | Bought a book of Winter for 340 gold pieces
  3286 | D:3      | Bought a book of Spatial Translocations for 180 gold pieces
  3290 | D:3      | Learned a level 3 spell: Ozocubu's Armour
  3293 | D:3      | Learned a level 2 spell: Blink
  3380 | D:3      | Found Ydaajami's General Store.
  3382 | D:3      | Bought a potion of might for 40 gold pieces
  3382 | D:3      | Bought a scroll of noise for 10 gold pieces
  3589 | D:3      | Found Zohodiarr's General Store.
  3597 | D:3      | Bought a scroll of teleportation for 36 gold pieces
  3834 | D:4      | Killed Eustachio
  3835 | D:4      | Reached XP level 7. HP: 19/48 MP: 6/10
  4132 | D:4      | Reached skill level 1 in Translocations
  4589 | D:5      | Found a staircase to the Ecumenical Temple.
  4595 | D:5      | Found a radiant altar of Vehumet.
  4597 | D:5      | Found a sacrificial altar of Ru.
  4600 | D:5      | Reached skill level 9 in Stealth
  4659 | D:5      | Reached XP level 8. HP: 44/54 MP: 8/12
  4967 | D:5      | Reached skill level 1 in Short Blades
  5339 | D:5      | Bought a potion of heal wounds for 55 gold pieces
  5749 | D:6      | Reached skill level 10 in Stealth
  5895 | D:5      | Bought a scroll of blinking for 97 gold pieces
  6184 | D:6      | Reached skill level 5 in Fighting
  6347 | D:6      | Reached XP level 9. HP: 47/61 MP: 10/14
  6524 | D:6      | Found Jiody Sadoo's Antique Weapon Boutique.
  6589 | D:6      | Reached skill level 1 in Conjurations
  6716 | D:3      | Bought a book of Vapours for 260 gold pieces
  6720 | D:3      | Learned a level 3 spell: Mephitic Cloud
  6723 | D:3      | Learned a level 2 spell: Mercury Vapours
  6824 | D:7      | Found a white marble altar of Elyvilon.
  6973 | D:7      | Noticed Jeremiah
  6979 | D:7      | Killed Jeremiah
  7041 | D:7      | Reached skill level 1 in Air Magic
  7059 | D:7      | Reached skill level 1 in Alchemy
  7192 | D:7      | Noticed a boulder beetle
  7449 | D:5      | Bought a ring of see invisible for 180 gold pieces
  7929 | D:7      | Noticed an orc sorcerer
  7929 | D:7      | Noticed a deep elf zephyrmancer
  7932 | D:7      | Killed an orc sorcerer
  7933 | D:7      | Reached skill level 1 in Throwing
  7933 | D:7      | Reached skill level 5 in Spellcasting
  7933 | D:7      | Reached XP level 10. HP: 68/68 MP: 10/17
  7933 | D:7      | Noticed an ogre mage
  7947 | D:7      | Killed a deep elf zephyrmancer
  7952 | D:7      | Killed an ogre mage
  8137 | D:7      | Noticed a kobold demonologist
  8137 | D:7      | Noticed a boulder beetle
  8144 | D:7      | Killed a kobold demonologist
  8162 | D:7      | Killed a boulder beetle
  8312 | D:7      | Noticed a gargoyle
  8331 | D:7      | Learned a level 4 spell: Airstrike
  8453 | D:7      | Reached skill level 5 in Ice Magic
  8614 | D:7      | Identified the +6 great mace of Ethereal Conscience {venom,
                  | rC+ rN+ Int+3}
  8767 | D:7      | Noticed a two-headed ogre
  8908 | D:7      | Killed a boulder beetle
  9124 | D:7      | Reached skill level 1 in Fire Magic
  9176 | D:7      | Noticed a purple ugly thing
  9188 | D:7      | Killed a purple ugly thing
  9189 | D:7      | Reached XP level 11. HP: 43/74 MP: 14/20
  9438 | D:3      | Bought a Trismegistus Codex for 280 gold pieces
  9443 | D:3      | Learned a level 4 spell: Ignite Poison
  9731 | D:7      | Reached skill level 11 in Stealth
 10377 | D:8      | Found a runed translucent gate.
 10378 | D:8      | Found a runed translucent gate.
 10379 | D:8      | Found a runed translucent gate.
 10380 | D:8      | Found an opulent altar of Gozag.
 10381 | D:8      | Noticed a boulder beetle
 10791 | D:8      | Noticed gosagan's ghost (novice TrFi)
 12505 | D:9      | Reached skill level 5 in Air Magic
 12821 | D:10     | Entered Level 10 of the Dungeon
 13169 | D:10     | Found a staircase to the Orcish Mines.
 13245 | D:10     | Learned a level 1 spell: Apportation
 13277 | D:10     | Reached skill level 5 in Conjurations
 13847 | D:10     | Found a basalt altar of Yredelemnul.
 14127 | D:10     | Found a staircase to the Lair.
 14148 | D:10     | Reached XP level 12. HP: 81/81 MP: 16/23
 14303 | D:10     | Reached skill level 1 in Staves
 14564 | Orc:1    | Entered Level 1 of the Orcish Mines
 14990 | Orc:1    | Found Qulipesch's Magic Scroll Shop.
 15186 | D:6      | Bought the +6 Majin-Bo {spellvamp, MP+6 Int+6} for 1534
                  | gold pieces
 15186 | D:6      | Found the +6 Majin-Bo {spellvamp, MP+6 Int+6}
 15194 | D:6      | Learned a level 5 spell: Freezing Cloud
 15284 | Lair:1   | Entered Level 1 of the Lair of Beasts
 15292 | Lair:1   | Noticed a death yak
 15292 | Lair:1   | Noticed a death yak
 16418 | Lair:1   | Identified the ring of Iguomar {rPois rF+ rC+ Dex+3}
 16595 | Lair:1   | Noticed a death yak
 16595 | Lair:1   | Noticed a death yak
 16606 | Lair:1   | Killed a death yak
 16607 | Lair:1   | Killed a death yak
 16607 | Lair:1   | Mangled by a death yak

Illustrated notes

Levels and vault maps discovered:
D:1:      dpeg_arrival_houses_and_road, layout_basic,
          chequers_ecumenical_altar_island
D:2:      layout_basic, minmay_strange_pillars
D:3:      layout_loops_ring, kiku_gazebo_garden_becter,
          mainiacjoe_overflow_six_doors_small, serial_shops,
          nicolae_square_shop, nicolae_shop_tiny_real_fake_doors,
          nicolae_shop_getting_attention, grunt_ministairs_2, uniq_sigmund
D:4:      layout_gridville, nicolae_twisty_statue_hallways, uniq_eustachio
D:5:      layout_basic, grunt_gozag_statues, overflow_temple_1_default,
          overflow_temple_1_default, minmay_temple_entry_arrows,
          roderic_lattice_a, grunt_decor_one_mirror,
          nicolae_shop_national_dungeon_mall
D:6:      layout_loops_cross, serial_shops, shop
D:7:      minmay_the_grid_plus_closed [minmay_the_grid_minigrid_large,
          minmay_the_grid_outer_diamond, minmay_the_grid_tri_star,
          minmay_the_grid_fan, minmay_the_grid_prize_inner_circle],
          layout_loops_corners, amcnicky_altar_gilded, uniq_jeremiah
D:8:      layout_basic, ebering_ghost_gozag, serial_curves, eino_curves_02,
          eino_curves_02, corexii_corridor_pit
D:9:      layout_irregular_city, minmay_starry_boxes
D:10:     layout_roguey, yredelemnul_altar_generic,
          grunt_lair_entry_orc_guard_hut, hiddenorc1_lemuel
Lair:1:   layout_layer_cave
Orc:1:    layout_caves, special_room [special_room_orc], serial_shops, shop,
          basic_altar

Skill      XL: |  1  2  3  4  5  6  7  8  9 10 11 12 |
---------------+-------------------------------------+-----
Stealth        | 7 8 9 10 11 | 11.9
Spellcasting   | 1 2 3 5 6 7 8 |  8.7
Ice Magic      | 1 2 4 5 |  5.7
Fighting       | 4 5 6 7 |  7.8
Long Blades    | 3 |  3.8
Translocations | 1 2 3 |  3.3
Dodging        | 3 4 |  4.2
Short Blades   | 2 3 4 |  4.8
Conjurations   | 2 4 5 |  5.4
Air Magic      | 2 4 5 |  5.8
Alchemy        | 2 3 4 |  4.7
Throwing       | 1 2 |  2.4
Fire Magic     | 1 3 4 |  4.3
Staves         | 2 |  2.3

Action                     |  1- 3 |  4- 6 |  7- 9 | 10-12 || total
---------------------------+-------+-------+-------+-------++-------
  Melee: Falchion          |    25 |    97 |     2 |       ||   124
         Constrict         |     7 |    20 |    35 |    76 ||   138
         Tentacles         |     4 |    21 |    53 |   122 ||   200
         Punch             |     2 |     6 |    18 |    47 ||    73
         Dagger            |       |    41 |   171 |   376 ||   588
         Short sword       |       |     2 |       |       ||     2
         Bo                |       |       |       |     5 ||     5
  Throw: Dart              |       |     1 |     8 |    31 ||    40
         Boomerang         |       |       |     3 |    23 ||    26
         Javelin           |       |       |       |     3 ||     3
   Cast: Ozocubu's Armour  |       |     1 |    21 |    44 ||    66
         Blink             |       |       |     4 |     5 ||     9
         Mephitic Cloud    |       |       |     5 |    31 ||    36
         Mercury Vapours   |       |       |     4 |    63 ||    67
         Ignite Poison     |       |       |       |    19 ||    19
         Freezing Cloud    |       |       |       |     4 ||     4
         Airstrike         |       |       |       |     4 ||     4
    Use: Scroll            |     1 |     1 |     6 |     9 ||    17
         Potion            |     1 |     1 |     4 |     3 ||     9
   Stab: Sleeping          |     2 |    21 |    18 |    25 ||    66
         Distracted        |       |       |     1 |     4 ||     5
         Confused          |       |       |     3 |    22 ||    25
 Armour: Skin              |    15 |    69 |   100 |   198 ||   382
  Dodge: Dodged            |    12 |   106 |   112 |   219 ||   449

Table legend: (Time is in decaauts)
 A = Elapsed time spent in this place.
 B = Non-inter-level travel time spent in this place.
 C = Inter-level travel time spent in this place.
 D = Time resting spent in this place.
 E = Time spent auto-exploring this place.
 F = Levels seen in this place.
 G = Mean time per level.
                   A        B        C        D        E       F      G
               +--------+--------+--------+--------+--------+-----+--------+
         Total |  16553 |  15728 |    825 |   4424 |   4244 |  12 | 1379.4 |
       Dungeon |  14680 |  13889 |    791 |   3897 |   3596 |  10 | 1468.0 |
          Lair |   1312 |   1312 |      0 |    383 |    390 |   1 | 1312.0 |
  Orcish Mines |    559 |    527 |     32 |    144 |    258 |   1 |  559.0 |
               +--------+--------+--------+--------+--------+-----+--------+

Top non-repeatable levels by time:
     D:7: 2589 daAuts
     D:9: 1845 daAuts
    D:10: 1555 daAuts
     D:5: 1496 daAuts
     D:8: 1472 daAuts
     D:6: 1376 daAuts
  Lair:1: 1312 daAuts
     D:4: 1272 daAuts
     D:3: 1153 daAuts
     D:2: 1083 daAuts
     D:1: 836 daAuts
   Orc:1: 559 daAuts
